AA - U28
LANCASTER BARNSTORMERS @ WICHITA PILOTS
09/11/2052
 
TOP OF THE 1ST
Campeche Clowns batting - Pitching for Puebla Mermen : LHP Adam Swanson
Pitching: LHP Adam Swanson
Batting: RHB Roman Mansel 0-0: Foul Ball, location: 5DF
0-1: Foul Ball, location: 9LDF
0-2: Ball
1-2: Ball
2-2: Ground out 6-3 (Groundball, 6, EV 79.4 MPH)
Batting: RHB Rafael Cornejo 0-0: Called Strike
0-1: Ball
1-1: Foul Ball, location: 2F
1-2: Strikes out swinging
Batting: SHB Zachary Corral 0-0: Ball
1-0: Foul Ball, location: 2F
1-1: Foul Ball, location: 9LSF
1-2: Ball
2-2: Ball
3-2: Strikes out swinging
Top of the 1st over - 0 runs, 0 hits, 0 errors, 0 left on base; Campeche 0 - Puebla 0
BOTTOM OF THE 1ST
Puebla Mermen batting - Pitching for Campeche Clowns : RHP Kent Gates
Pitching: RHP Kent Gates
Batting: RHB Kameron Lackey 0-0: Ball
1-0: Fly out, F8 (Flyball, 89D, EV 105.6 MPH)
Batting: LHB Jimmy Toth 0-0: Ball
1-0: Ground out U3 (Groundball, 34, EV 84.4 MPH)
Batting: LHB Pascal De Alba 0-0: Called Strike
0-1: Swinging Strike
0-2: Strikes out swinging
Bottom of the 1st over - 0 runs, 0 hits, 0 errors, 0 left on base; Campeche 0 - Puebla 0
TOP OF THE 2ND
Campeche Clowns batting - Pitching for Puebla Mermen : LHP Adam Swanson
Batting: RHB Chace Rathgeber 0-0: SINGLE (Line Drive, 8LS, EV 96.3 MPH)
Batting: LHB Gene Miles 0-0: Called Strike
Chace Rathgeber steals 2nd base
0-1: Called Strike
0-2: Strikes out looking
Batting: LHB Victor Dozal 0-0: Swinging Strike
0-1: Foul Ball, location: 7LDF
0-2: Ball
1-2: Strikes out looking
Batting: LHB Nestor Casillas 0-0: Ball
1-0: Foul Ball, location: 9LMF
1-1: Called Strike
1-2: Foul Ball, location: 5F
1-2: Fly out, F7 (Line Drive, 7D, EV 91.3 MPH)
Top of the 2nd over - 0 runs, 1 hit, 0 errors, 1 left on base; Campeche 0 - Puebla 0
BOTTOM OF THE 2ND
Puebla Mermen batting - Pitching for Campeche Clowns : RHP Kent Gates
Batting: RHB Tom Huppert 0-0: Ball
1-0: Foul Ball, location: 5F
1-1: Swinging Strike
1-2: Strikes out swinging
Batting: LHB Gray Klingenberg 0-0: Ball
1-0: Called Strike
1-1: Ball
2-1: Ground out 6-3 (Groundball, 6, EV 90.0 MPH)
Batting: LHB Zach Calderon 0-0: Ball
1-0: Fly out, F7 (Flyball, 7, EV 88.8 MPH)
Bottom of the 2nd over - 0 runs, 0 hits, 0 errors, 0 left on base; Campeche 0 - Puebla 0
TOP OF THE 3RD
Campeche Clowns batting - Pitching for Puebla Mermen : LHP Adam Swanson
Batting: RHB Max Bastidas 0-0: Swinging Strike
0-1: Called Strike
0-2: SINGLE (Flyball, 9S, EV 93.8 MPH)
Batting: RHB Jeremy Murray 0-0: Bunt - Flyout to 5S! F5
Batting: RHB Roman Mansel 0-0: Ball
1-0: Reached on error, E5 (Groundball, 56, EV 83.8 MPH)
Max Bastidas to second
Batting: RHB Rafael Cornejo 0-0: Foul Ball, location: 9LDF
0-1: Called Strike
0-2: Foul Ball, location: 2F
0-2: Foul Ball, location: 23FF
0-2: Ball
1-2: Strikes out swinging
Batting: SHB Zachary Corral 0-0: Ball
1-0: Ball
2-0: Ball
3-0: Base on Balls
Max Bastidas to third
Roman Mansel to second
Batting: RHB Chace Rathgeber 0-0: Swinging Strike
0-1: Swinging Strike
0-2: Ball
1-2: Foul Ball, location: 2LF
1-2: Ball
2-2: Fly out, F7 (Flyball, 7, EV 87.5 MPH)
Top of the 3rd over - 0 runs, 1 hit, 1 error, 3 left on base; Campeche 0 - Puebla 0
BOTTOM OF THE 3RD
Puebla Mermen batting - Pitching for Campeche Clowns : RHP Kent Gates
Batting: LHB Saloman Domínguez 0-0: Ball
1-0: Ground out 6-3 (Groundball, 6, EV 85.0 MPH)
Batting: RHB Martin Magadan 0-0: Called Strike
0-1: Foul Ball, location: 2F
0-2: Strikes out swinging
Batting: RHB Alan Lafer 0-0: Called Strike
0-1: Ball
1-1: Ball
2-1: Ball
3-1: Called Strike
3-2: Foul Ball, location: 2F
3-2: DOUBLE (Line Drive, 7LM, EV 103.8 MPH)
Batting: RHB Kameron Lackey 0-0: Called Strike
0-1: Foul Ball, location: 2F
0-2: SINGLE (Line Drive, 9S, EV 87.5 MPH)
Alan Lafer to third
Runner from 3rd tries for Home, SAFE, throw by RF to home
Batting: LHB Jimmy Toth 0-0: Ball
Kameron Lackey steals 2nd base
1-0: Called Strike
1-1: Ball
2-1: Ball
3-1: Base on Balls
Batting: LHB Pascal De Alba 0-0: Ball
1-0: Ball
2-0: Ball
3-0: Base on Balls
Kameron Lackey to third
Jimmy Toth to second
Batting: RHB Tom Huppert 0-0: Ball
1-0: Ball
2-0: Foul Ball, location: 2F
2-1: Foul Ball, location: 2F
2-2: Ground out 4-3 (Groundball, 4, EV 89.4 MPH)
Bottom of the 3rd over - 1 run, 2 hits, 0 errors, 3 left on base; Campeche 0 - Puebla 1
TOP OF THE 4TH
Campeche Clowns batting - Pitching for Puebla Mermen : LHP Adam Swanson
Batting: LHB Gene Miles 0-0: Ball
1-0: Swinging Strike
1-1: Foul Ball, location: 7LSF
1-2: Foul Ball, location: 2F
1-2: Strikes out swinging
Batting: LHB Victor Dozal 0-0: Ball
1-0: Ball
2-0: Ball
3-0: Called Strike
3-1: Fly out, F4 (Popup, 23, EV 90.6 MPH)
Batting: LHB Nestor Casillas 0-0: Called Strike
0-1: Swinging Strike
0-2: Ball
1-2: Strikes out swinging
Top of the 4th over - 0 runs, 0 hits, 0 errors, 0 left on base; Campeche 0 - Puebla 1
BOTTOM OF THE 4TH
Puebla Mermen batting - Pitching for Campeche Clowns : RHP Kent Gates
Batting: LHB Gray Klingenberg 0-0: Foul Ball, location: 2F
0-1: Ball
1-1: Swinging Strike
1-2: Ground out 4-3 (Groundball, 4M, EV 84.4 MPH)
Batting: LHB Zach Calderon 0-0: Swinging Strike
0-1: Ball
1-1: Ball
2-1: Ball
3-1: Base on Balls
Batting: LHB Saloman Domínguez 0-0: Called Strike
0-1: Ball
Zach Calderon steals 2nd base
1-1: Ball
2-1: Fly out, F5 (Popup, 5SF, EV 75.6 MPH)
Batting: RHB Martin Magadan 0-0: Ball
1-0: Fly out, F9 (Flyball, 9LSF, EV 85.6 MPH)
Bottom of the 4th over - 0 runs, 0 hits, 0 errors, 1 left on base; Campeche 0 - Puebla 1
TOP OF THE 5TH
Campeche Clowns batting - Pitching for Puebla Mermen : LHP Adam Swanson
Batting: RHB Max Bastidas 0-0: Ball
1-0: Ball
2-0: Foul Ball, location: 9LDF
2-1: Swinging Strike
2-2: Strikes out swinging
Batting: RHB Jeremy Murray 0-0: Foul Ball, location: 9LMF
0-1: Called Strike
0-2: Strikes out looking
Batting: RHB Roman Mansel 0-0: Ball
1-0: Ball
2-0: Called Strike
2-1: Fly out, F8 (Line Drive, 8RD, EV 92.5 MPH)
Top of the 5th over - 0 runs, 0 hits, 0 errors, 0 left on base; Campeche 0 - Puebla 1
BOTTOM OF THE 5TH
Puebla Mermen batting - Pitching for Campeche Clowns : RHP Kent Gates
Batting: RHB Alan Lafer 0-0: Ball
1-0: Called Strike
1-1: Foul Ball, location: 3F
1-2: Strikes out swinging
Batting: RHB Kameron Lackey 0-0: Called Strike
0-1: Ball
1-1: Ball
2-1: Ball
3-1: Base on Balls
Batting: LHB Jimmy Toth 0-0: Ball
1-0: Fielders Choice at 2nd, 4-6 (Groundball, 4, EV 80.6 MPH)
Batting: LHB Pascal De Alba 0-0: Called Strike
0-1: Ball
1-1: Ball
2-1: Ball
3-1: Foul Ball, location: 3F
3-2: SINGLE (Groundball, 4MD, EV 98.1 MPH)
Jimmy Toth to second
Jimmy Toth to third
Pitching: RHP Júlio Quiz
Batting: RHB Tom Huppert 0-0: Foul Ball, location: 5FF
0-1: Foul Ball, location: 5FF
0-2: Ball
1-2: Foul Ball, location: 3F
1-2: Foul Ball, location: 2F
1-2: Foul Ball, location: 5SF
1-2: Foul Ball, location: 3F
1-2: Ball
2-2: Ball
3-2: Strikes out swinging
Bottom of the 5th over - 0 runs, 1 hit, 0 errors, 2 left on base; Campeche 0 - Puebla 1
TOP OF THE 6TH
Campeche Clowns batting - Pitching for Puebla Mermen : LHP Adam Swanson
Batting: RHB Rafael Cornejo 0-0: Ball
1-0: Called Strike
1-1: Ball
2-1: Fly out, F9 (Flyball, 9, EV 87.5 MPH)
Batting: SHB Zachary Corral 0-0: Ball
1-0: Ball
2-0: Called Strike
2-1: Swinging Strike
2-2: Ball
3-2: Fly out, F9 (Flyball, 9LM, EV 88.1 MPH)
Batting: RHB Chace Rathgeber 0-0: Called Strike
0-1: Called Strike
0-2: Ball
1-2: Ball
2-2: Strikes out swinging
Top of the 6th over - 0 runs, 0 hits, 0 errors, 0 left on base; Campeche 0 - Puebla 1
BOTTOM OF THE 6TH
Puebla Mermen batting - Pitching for Campeche Clowns : RHP Júlio Quiz
Batting: LHB Gray Klingenberg 0-0: Foul Ball, location: 9LSF
0-1: Foul Ball, location: 2F
0-2: Ball
1-2: Ground out 4-3 (Groundball, 34D, EV 104.4 MPH)
Batting: LHB Zach Calderon 0-0: Ball
1-0: Ground out 4-3 (Groundball, 4M, EV 105.6 MPH)
Batting: LHB Saloman Domínguez 0-0: Hit by Pitch
Batting: RHB Martin Magadan 0-0: Called Strike
0-1: Ball
1-1: Called Strike
1-2: Fly out, F9 (Flyball, 9LMF, EV 81.3 MPH)
Bottom of the 6th over - 0 runs, 0 hits, 0 errors, 1 left on base; Campeche 0 - Puebla 1
TOP OF THE 7TH
Campeche Clowns batting - Pitching for Puebla Mermen : LHP Adam Swanson
Batting: LHB Gene Miles 0-0: Called Strike
0-1: Fly out, F8 (Flyball, 8LM, EV 88.8 MPH)
Batting: LHB Victor Dozal 0-0: Called Strike
0-1: Foul Ball, location: 2F
0-2: Ball
1-2: Strikes out looking
Batting: LHB Nestor Casillas 0-0: Called Strike
0-1: Ball
1-1: Called Strike
1-2: Ball
2-2: Foul Ball, location: 2F
2-2: Foul Ball, location: 7LDF
2-2: Strikes out swinging
Top of the 7th over - 0 runs, 0 hits, 0 errors, 0 left on base; Campeche 0 - Puebla 1
BOTTOM OF THE 7TH
Puebla Mermen batting - Pitching for Campeche Clowns : RHP Júlio Quiz
Batting: RHB Alan Lafer 0-0: Ball
1-0: Foul Ball, location: 7LMFF
1-1: Called Strike
1-2: SOLO HOME RUN (Flyball, 9LD, EV 90.6 MPH), Distance : 337 ft
Batting: RHB Kameron Lackey 0-0: Ball
1-0: Called Strike
1-1: Foul Ball, location: 25F
1-2: Ball
2-2: Strikes out swinging
Batting: LHB Jimmy Toth 0-0: Called Strike
0-1: DOUBLE (Line Drive, 9LM, EV 96.9 MPH)
Batting: LHB Pascal De Alba 0-0: Foul Ball, location: 3FF
0-1: Swinging Strike
0-2: Foul Ball, location: 2F
0-2: Foul Ball, location: 7LMF
0-2: Strikes out swinging
Batting: RHB Tom Huppert 0-0: Ground out 5-3 (Groundball, 56S, EV 63.8 MPH)
Bottom of the 7th over - 1 run, 2 hits, 0 errors, 1 left on base; Campeche 0 - Puebla 2
TOP OF THE 8TH
Campeche Clowns batting - Pitching for Puebla Mermen : LHP Adam Swanson
Batting: RHB Max Bastidas 0-0: Foul Ball, location: 5F
0-1: Ball
1-1: Swinging Strike
1-2: SINGLE (Flyball, 6D, EV 95.6 MPH)
Batting: RHB Jeremy Murray 0-0: Ball
1-0: Called Strike
1-1: Foul Ball, location: 2F
1-2: Foul Ball, location: 2F
1-2: Grounds into double play, 6-4-3 (Groundball, 6, EV 83.8 MPH)
Batting: RHB Roman Mansel 0-0: Ball
1-0: Called Strike
1-1: SINGLE (Groundball, 23, EV 74.4 MPH) (infield hit)
Pitching: RHP Japhet Newmark
Batting: RHB Rafael Cornejo 0-0: Called Strike
0-1: Foul Ball, location: 2F
0-2: Ball
1-2: Ball
2-2: Foul Ball, location: 2F
2-2: Ball
3-2: Fly out, F7 (Flyball, 7D, EV 104.4 MPH)
Top of the 8th over - 0 runs, 2 hits, 0 errors, 1 left on base; Campeche 0 - Puebla 2
BOTTOM OF THE 8TH
Puebla Mermen batting - Pitching for Campeche Clowns : RHP Júlio Quiz
Pitching: LHP Teo Lara
Batting: LHB Gray Klingenberg 0-0: Ball
1-0: Foul Ball, location: 2F
1-1: Foul Ball, location: 2F
1-2: Foul Ball, location: 5FF
1-2: Ball
2-2: Strikes out swinging, 2-3 out at first.
Batting: LHB Zach Calderon 0-0: Ball
1-0: Ground out 6-3 (Groundball, 6, EV 102.5 MPH)
Batting: LHB Saloman Domínguez 0-0: SINGLE (Line Drive, 7LS, EV 98.8 MPH)
Batting: RHB Martin Magadan 0-0: 2-RUN HOME RUN (Flyball, 9D, EV 93.8 MPH), Distance : 363 ft
Batting: RHB Alan Lafer 0-0: Called Strike
0-1: Ball
1-1: Called Strike
1-2: Strikes out swinging
Bottom of the 8th over - 2 runs, 2 hits, 0 errors, 0 left on base; Campeche 0 - Puebla 4
TOP OF THE 9TH
Campeche Clowns batting - Pitching for Puebla Mermen : RHP Japhet Newmark
Batting: SHB Zachary Corral 0-0: Called Strike
0-1: Swinging Strike
0-2: Ball
1-2: Foul Ball, location: 23F
1-2: Ball
2-2: SINGLE (Line Drive, 78S, EV 100.0 MPH)
Batting: RHB Chace Rathgeber 0-0: Called Strike
0-1: Foul Ball, location: 25FF
0-2: Foul Ball, location: 2F
0-2: Fly out, F7 (Flyball, 78M, EV 91.9 MPH)
Batting: LHB Gene Miles 0-0: Ball
1-0: Fielders Choice at 2nd, 4-6 (Groundball, 3, EV 84.4 MPH)
Batting: LHB Victor Dozal 0-0: Called Strike
0-1: Ball
1-1: Fly out, F4 (Popup, 4D, EV 56.3 MPH)
Top of the 9th over - 0 runs, 1 hit, 0 errors, 1 left on base; Campeche 0 - Puebla 4
Tuesday, May 7th , 2024 - OOTP Baseball 24.11 Build 85